Map: Rivages bleus EC

Players

zidar - Winner!

  • Race: Zerg Zerg
  • Spawn Location: 1:00

IA (très facile)

  • Race: Protoss Protoss
  • Spawn Location: 7:00

VOD

Have the link to the VOD?

Description

Time

  • Played on: Dec. 24, 2018, 8:56 a.m.
  • Length: 8:55
Show
View Real Time Build Order
Export as new Build Order

zidar Zerg - Winner!

Build Orders: Hatch First 

Get SALT Encoding   

  12  0:21  Drone x2  
  14  0:22  Overlord  
  14  0:39  Extractor, Drone  
  15  0:46  Overlord  
  15  0:56  Drone  
  16  1:04  Drone  
  17  1:15  Hatchery  
  16  1:21  Drone  
  16  1:22  Spawning Pool  
  16  1:24  Extractor  
  15  1:44  Drone x2  
  17  2:00  Drone  
  18  2:06  Hatchery  
  17  2:10  Queen  
  17  2:15  Drone  
  20  2:19  Drone  
  21  2:25  Metabolic Boost  
  22  2:37  Drone x3  
  24  2:44  Overlord  
  24  2:48  Extractor  
  23  2:55  Queen  
  25  3:15  Zergling x12  
  31  3:32  Overlord  
  31  3:33  Overlord  
  31  3:35  Zergling x4  
  33  3:47  Zergling x2  
  33  3:48  Zergling x4  
  36  3:54  Zergling x4  
  38  4:02  Overlord  
  38  4:18  Zergling x10  
  42  4:46  Zergling x2  
  42  4:47  Zergling x16  
  51  5:06  Lair  
  51  5:17  Queen  
  51  5:20  Drone x3  
  51  5:21  Drone  
  51  5:28  Overlord  
  51  5:41  Drone x4  
  51  5:46  Overlord  
  51  6:03  Queen  
  51  6:09  Drone x5  
  51  6:16  Extractor x2  
  51  7:03  Hydralisk Den  
  51  8:03  Drone x5  
  51  8:04  Drone x10  
  51  8:05  Drone x2  
  51  8:38  Hatchery  
Show
View Real Time Build Order
Export as new Build Order

IA (très facile) Protoss 

Build Orders:  

Get SALT Encoding   

  12  0:00  Probe  
  13  0:13  Probe  
  14  0:18  Pylon  
  14  0:36  Assimilator  
  14  0:42  Gateway  
  14  0:46  Pylon  
  14  1:14  Assimilator  
  14  1:22  Probe  
  14  1:24  Zealot  
  14  1:30  Probe  
  17  1:34  Cybernetics Core  
  18  1:40  Probe  
  19  1:52  Probe  
  20  2:00  Probe, Warp Gate  
  21  2:08  Probe  
  22  2:39  Stalker  
  24  4:09  Probe  
  24  4:32  Stalker  
  24  4:34  Pylon  
  22  4:42  Probe  
  2  4:54  Probe  
  2  5:00  Zealot  
  4  5:07  Probe  
Tags
 
Add a new tag
Caveats
  • Supply blocks, unpowered buildings, or Contaminate may cause inaccurate times.
  • Supply counts are checked every 10 seconds.